 Dungeon Crawl Stone Soup version 0.31-a0-574-g69dc8cc98e (webtiles) character file.

Game seed: 14351432755833637290

1512 avis the Nimble (level 8, -2/38 HPs)
             Began as a Felid Shapeshifter on Aug 18, 2023.
             Was an Initiate of Gozag.
             Slain by a gnoll
             ... wielding a +0 spear
              (7 damage)
             ... in a bailey.
             The game lasted 00:33:55 (6284 turns).

avis the Nimble (Felid Shapeshifter)                Turns: 6284, Time: 00:33:55

Health: -2/38      AC:  2    Str: 11    XL:     8   Next: 53%
Magic:  9/9        EV: 26    Int: 10    God:    Gozag
Gold:   791        SH:  0    Dex: 20    Spells: 7/7 levels left
                                        Lives:  0   Deaths: 2

rFire   . .          .
                       - Unarmed
rCold   . . .        (shield unavailable)
rNeg    . . .        (body armour unavailable)
rPois   .            (helmet unavailable)
rElec   .            (cloak unavailable)
rCorr   .            (gloves unavailable)
SInv    +            (boots unavailable)
Will    +....        f - amulet of regeneration
Stlth   +++          (no ring)
HPRegen 1.06/turn    (no ring)
MPRegen 0.11/turn

%: no passive effects
@: beast-form, gold aura, quick
A: beast (slay +2), very small, claws 1, fangs 3, see invisible, speed 1, shaggy
fur 2, stealthy paws, no weapons or thrown items, no armour, multi-lived
a: Begin Untransformation, Renounce Religion, Potion Petition, Call Merchant,
Bribe Branch


You were in a bailey.
You worshipped Gozag.
Gozag was pleased with you.
You were a hulking beast.
You visited 2 branches of the dungeon, and saw 8 of its levels.
You also visited: Bailey.

You collected 982 gold pieces.
You spent 120 gold pieces at shops.
You paid 71 gold pieces to Gozag.

Inventory:

Jewellery
 e - a ring of fire
 f - an amulet of regeneration (around neck)
Talismans
 a - a storm talisman
 b - a beast talisman (active)
 c - a flux talisman
Wands
 u - a wand of paralysis (9)
 y - a wand of mindburst (16)
Scrolls
 g - 2 scrolls of identify {unknown}
 h - 3 scrolls of silence {unknown}
 j - a scroll of fear {unknown}
 m - a scroll of blinking {unknown}
 n - a scroll of poison {unknown}
 r - a scroll of vulnerability {unknown}
 s - a scroll of torment {unknown}
 t - 2 scrolls of teleportation
 w - a scroll of noise {unknown}
Potions
 d - a potion of cancellation {unknown}
 i - 3 potions of invisibility {unknown}
 k - 3 potions of attraction {unknown}
 l - 5 potions of haste {unknown}
 o - a potion of enlightenment {unknown}
 p - 2 potions of brilliance
 q - 2 potions of heal wounds {unknown}
 v - a potion of berserk rage {unknown}
 x - 3 potions of ambrosia {unknown}
 z - a potion of might {unknown}
Miscellaneous
 A - a phial of floods


   Skills:
 * Level 6.1 Fighting
 + Level 11.0 Dodging
 - Level 3.0 Stealth
 + Level 10.5 Unarmed Combat
 - Level 3.2 Shapeshifting


You had 7 spell levels left.
You didn't know any spells.
Your spell library contained the following spells:

 Spells                   Type           Power      Damage    Failure   Level
 Frozen Ramparts          Ice            0%         1d1       75%         3
 Petrify                  Tmut/Erth      0%         N/A       98%         4
 Metabolic Englaciation   Hex/Ice        0%         N/A       100%        5


Dungeon Overview and Level Annotations

Branches:
Dungeon (7/15)             Temple (1/1) D:5          Bailey (1/1)

Altars:
Ashenzari
Cheibriados
Dithmenos
Elyvilon
Fedhas
Gozag
Hepliaklqana
Kikubaaqudgha
Makhleb
Nemelex Xobeh
Okawaru
Qazlal
Ru
Sif Muna
Trog
Uskayaw
Vehumet
Yredelemnul
The Shining One

Shops:
D:3 *

Annotations:
D:4 3 runed translucent doors, Brisketman's ghost, amateur OpSh; Pooter's ghost, novice GnWn; avis's ghost, amateur FeSh


Innate Abilities, Weirdness & Mutations

You are a hulking beast.
Your limbs bulge with bestial killing power. (Slay +2)
You have sharp claws.
You have razor-sharp teeth.
You have supernaturally acute eyesight. (SInv)
You cover ground quickly. (Speed+)
You are covered in thick fur. (AC +2)
Your paws help you pounce on unaware monsters.
You are incapable of wielding weapons or throwing items.
You cannot wear armour.
You gain extra lives every three experience levels.


Message History

The gnoll sergeant is almost dead.
The gnoll is no longer distracted by gold.
The gnoll sergeant hits you with a +0 glaive!
The gnoll misses you. The gnoll bouda misses you.
You scratch the gnoll sergeant but do no damage.
Your bite misses the gnoll sergeant.
The gnoll sergeant is almost dead.
The gnoll sergeant misses you. The gnoll completely misses you.
The gnoll bouda is distracted by your dazzling golden aura.
The gnoll bouda shouts!
You scratch the gnoll sergeant but do no damage.
The gnoll sergeant is almost dead.
The gnoll sergeant hits you with a +0 glaive!!
Ouch! That really hurt!
* * * LOW HITPOINT WARNING * * *
The gnoll misses you. The gnoll sergeant barely misses you.
Things that are here:
a +0 halberd; a +0 scale mail The gnoll sergeant is no longer moving quickly.
There is an open door here.
The gnoll sergeant puts on a burst of speed as it pursues you!
The gnoll is no longer moving quickly.
There is an open gate here.
Things that are here:
a +0 halberd; a +0 chain mail The gnoll closely misses you.
The gnoll bouda barks out a call to the hunt!
The gnoll picks up the pace!
The gnoll sergeant hits you with a +0 glaive!!
* * * LOW HITPOINT WARNING * * *
You claw the gnoll sergeant!
You kill the gnoll sergeant!
The gnoll barely misses you.
The gnoll puts on a burst of speed as it pursues you!
Things that are here:
a +0 halberd; a +0 chain mail The gnoll hits you from afar with a +0 spear!
You die...
Your body crumbles into a pile of gold.

### ♣∩♣ ♣(♣ ♣♣)♣♣
♣♣♣♣.).♣♣
♣♣.......♣♣♣♣
♣♣♣.....h.....♣♣♣
♣♣.......).......♣♣
♣♣≈≈≈≈≈≈≈.g$≈≈≈≈≈≈≈♣♣
♣≈≈...............≈≈♣
♣≈.................≈♣
♣≈.######'''######.≈♣
♣≈.# #...#.[..#.≈♣
♣≈## #.g.#'#####≈♣ ♣≈
#...#.....#≈♣


You could see a gnoll bouda and a gnoll (swift, pursuing).

Vanquished Creatures
  2 hornets (D:6)
  5 yaks
  Grum (Bailey)
  Eustachio (D:6)
  Edmund (D:5)
  4 water moccasins
  2 black bears
  An ice beast (D:6)
  2 wolves (Bailey)
  2 centaurs (D:6)
  2 kobold brigands
  2 bullfrogs
  4 gnoll sergeants (Bailey)
  2 scorpions (D:5)
  7 hounds
  An orc priest (D:5)
  4 gnoll boudas (Bailey)
  4 iguanas
  3 orc wizards
  16 gnolls
  9 adders
  A white imp (D:6)
  5 worms
  A dart slug (D:1)
  4 orcs
  8 ball pythons
  5 endoplasms
  4 giant cockroaches
  7 goblins
  4 hobgoblins
  4 quokkas
  4 bats
  4 frilled lizards
  13 kobolds
  12 rats
151 creatures vanquished.

Notes
Turn   | Place    | Note
-------+----------+-------------------------------------------
     0 | D:1      | avis the Felid Shapeshifter began the quest for the Orb.
     0 | D:1      | Reached XP level 1. HP: 9/9 MP: 2/2
   100 | D:1      | Reached skill level 3 in Dodging
   236 | D:1      | Reached XP level 2. HP: 13/13 MP: 3/3
   651 | D:1      | Reached XP level 3. HP: 16/16 MP: 4/4
   667 | D:2      | Found a faded altar of an unknown god.
  1087 | D:2      | You fall into a shaft and drop 2 floors!
  1261 | D:2      | Reached skill level 4 in Dodging
  1261 | D:2      | Reached XP level 4. HP: 13/21 MP: 5/5
  1823 | D:3      | Reached XP level 5. HP: 19/25 MP: 6/6
  1823 | D:3      | Found a broken altar of Ashenzari.
  1927 | D:3      | Found Kuwn's General Store.
  2513 | D:4      | Found a runed translucent gate.
  2513 | D:4      | Found a runed translucent gate.
  2514 | D:4      | Found a runed translucent gate.
  2516 | D:4      | Noticed avis's ghost (amateur FeSh)
  2516 | D:4      | Noticed Pooter's ghost (novice GnWn)
  2516 | D:4      | Noticed Brisketman's ghost (amateur OpSh)
  2763 | D:5      | Entered Level 5 of the Dungeon
  2934 | D:5      | Reached skill level 5 in Dodging
  2959 | D:5      | Reached skill level 5 in Fighting
  2959 | D:5      | Gained mutation: You are covered in thick fur. (AC +2)
                  | [Felid growth]
  2959 | D:5      | Reached XP level 6. HP: 30/30 MP: 7/7
  3159 | D:5      | Reached skill level 1 in Stealth
  3172 | D:5      | Found a staircase to the Ecumenical Temple.
  3181 | Temple   | Entered the Ecumenical Temple
  3262 | Temple   | Became a worshipper of Gozag Ym Sagoz the Greedy
  3431 | D:5      | Noticed a water moccasin
  3446 | D:5      | Killed a water moccasin
  3447 | D:5      | Reached skill level 6 in Dodging
  3448 | D:5      | Reached XP level 7. HP: 27/33 MP: 8/8
  3537 | D:3      | Bought a potion of curing for 36 gold pieces
  3537 | D:3      | Bought a scroll of teleportation for 36 gold pieces
  3537 | D:3      | Bought a potion of brilliance for 48 gold pieces
  3809 | D:5      | Noticed a yak
  3809 | D:5      | Noticed a yak
  3810 | D:5      | Noticed a yak
  3819 | D:5      | Noticed a yak
  3821 | D:5      | Noticed a yak
  3823 | D:5      | Killed a yak
  3824 | D:5      | Reached skill level 7 in Dodging
  3824 | D:5      | Reached skill level 5 in Unarmed Combat
  3830 | D:5      | Killed a yak
  3870 | D:4      | Killed a yak
  3871 | D:4      | Reached XP level 8. HP: 21/37 MP: 9/9
  3912 | D:4      | Reached skill level 8 in Dodging
  4039 | D:5      | Noticed Edmund
  4075 | D:5      | Killed Edmund
  4611 | D:6      | Noticed Eustachio
  4683 | D:6      | Reached skill level 9 in Dodging
  4701 | D:6      | Killed Eustachio
  4710 | D:6      | Reached XP level 9. HP: 40/40 MP: 10/10
  5016 | D:6      | HP: 1/40 [hornet (16)]
  5016 | D:6      | Paralysed by a hornet for 1 turns
  5164 | D:6      | Reached skill level 10 in Dodging
  5353 | D:6      | Paralysed by a hornet for 2 turns
  5354 | D:6      | HP: 1/40 [hornet (12)]
  5355 | D:6      | Succumbed to a hornet's poison
  5356 | D:6      | Reached XP level 8. HP: -3/37 MP: 9/9
  5455 | D:6      | Killed a hornet
  5505 | D:7      | Reached skill level 10 in Unarmed Combat
  5633 | D:7      | Found a snail-covered altar of Cheibriados.
  5727 | D:7      | Found a flagged portal.
  5732 | Bailey   | Entered a bailey
  5858 | Bailey   | Reached XP level 9. HP: 35/40 MP: 10/10
  6024 | Bailey   | Noticed Grum
  6069 | Bailey   | Killed Grum
  6080 | Bailey   | Mangled by a gnoll bouda
  6081 | Bailey   | Reached XP level 8. HP: -7/38 MP: 9/9
  6157 | Bailey   | Reached skill level 11 in Dodging
  6284 | Bailey   | Slain by a gnoll

Illustrated notes

Levels and vault maps discovered:
D:1:      elethiomel_arrival_quiet, layout_basic, corner_web_ring,
          minmay_box_of_dots
D:2:      kennysheep_six_static_rooms, layout_loops_corners,
          hellmonk_ecumenical_altar_run_dry
D:3:      layout_rooms, cheibrodos_ashenzari_chains, serial_shops,
          nicolae_shop_tiny_real_fake_doors, nicolae_wormholes
D:4:      layout_basic, gammafunk_ghost_cemetery
D:5:      layout_basic, minmay_temple_entry_slanted, uniq_edmund
D:6:      layout_basic, uniq_eustachio
D:7:      layout_gridville, mainiacjoe_overflow_alcove_4, enter_bailey_3,
          uniq_crazy_yiuf_cottage
Temple:   minmay_crystal_spiral_temple
Bailey:   bailey_polearm_gnolls_kennysheep, bailey

Skill      XL: |  1  2  3  4  5  6  7  8  9 |
---------------+----------------------------+-----
Dodging        | 3 4 5 6 7 11 10 | 11.0
Fighting       | 2 3 4 5 6 |  6.1
Stealth        | 2 3 |  3.0
Unarmed Combat | 4 6 10 9 | 10.5
Shapeshifting  | |  3.2

Action                     |  1- 3 |  4- 6 |  7- 9 || total
---------------------------+-------+-------+-------++-------
  Melee: Unarmed           |    92 |   120 |   317 ||   529
         Bite              |     7 |    12 |    49 ||    68
         Punch             |     3 |     3 |    22 ||    28
    Use: Potion            |       |       |     4 ||     4
   Stab: Sleeping          |     5 |     1 |     6 ||    12
         Distracted        |     1 |       |     2 ||     3
 Armour: Skin              |     1 |     7 |    20 ||    28
  Dodge: Dodged            |    50 |    79 |   308 ||   437

Table legend: (Time is in decaauts)
 A = Elapsed time spent in this place.
 B = Non-inter-level travel time spent in this place.
 C = Inter-level travel time spent in this place.
 D = Time resting spent in this place.
 E = Time spent auto-exploring this place.
 F = Levels seen in this place.
 G = Mean time per level.
                   A        B        C        D        E       F      G
               +--------+--------+--------+--------+--------+-----+--------+
         Total |   5243 |   4563 |    680 |    345 |   2307 |   9 |  582.6 |
       Dungeon |   4651 |   4099 |    552 |    311 |   2307 |   7 |  664.4 |
        Temple |    132 |      4 |    128 |      0 |      0 |   1 |  132.0 |
        Bailey |    459 |    459 |      0 |     34 |      0 |   1 |  459.0 |
               +--------+--------+--------+--------+--------+-----+--------+

Top non-repeatable levels by time:
     D:5: 1133 daAuts
     D:6: 804 daAuts
     D:2: 791 daAuts
     D:4: 727 daAuts
     D:1: 636 daAuts
  Bailey: 459 daAuts
     D:3: 426 daAuts
  Temple: 132 daAuts
     D:7: 130 daAuts
